 Dungeon Crawl Stone Soup version 0.30.1-11-g7821555f0a (webtiles) character file.

Game seed: 2808590092361423463

18 JPNDWG the Ruffian (level 2, 0/23 HPs)
             Began as a Draconian Transmuter on Nov 17, 2023.
             Slain by an endoplasm (1 damage)
             ... on level 1 of the Dungeon.
             The game lasted 00:11:06 (399 turns).

JPNDWG the Ruffian (Draconian Transmuter)            Turns: 399, Time: 00:11:06

Health: 0/23       AC:  4    Str: 12    XL:     2   Next: 48%
Magic:  5/5        EV: 12    Int: 13    God:
Gold:   29         SH:  0    Dex: 11    Spells: 4/5 levels left

rFire   . . .        c - +0 short sword
rCold   . . .        (no shield)
rNeg    . . .        (body armour unavailable)
rPois   .            (helmet restricted)
rElec   .            (no cloak)
rCorr   .            (no gloves)
SInv    .            (no boots)
Will    .....        (no amulet)
Stlth   +            (no ring)
HPRegen 0.23/turn    (no ring)
MPRegen 0.09/turn

%: no passive effects
@: slowed, very slow
A: AC +4, unfitting armour, cold-blooded
a: no special abilities


You were on level 1 of the Dungeon.
You visited 1 branch of the dungeon, and saw 1 of its levels.

You collected 29 gold pieces.

Inventory:

Hand Weapons
 b - a +0 dagger
 c - a +0 short sword (weapon)
 d - a +0 short sword
 f - a +0 short sword
 h - a +0 short sword
Scrolls
 e - a scroll of fog {unknown}
 g - a scroll of blinking {unknown}
 i - a scroll of poison {unknown}
 j - a scroll of vulnerability {unknown}
 l - a scroll of identify {unknown}
Potions
 a - 2 potions of lignification
 k - 2 potions of flight {unknown}


   Skills:
 + Level 1.4 Fighting
 + Level 2.0 Dodging
 + Level 3.3 Unarmed Combat
 + Level 2.1 Spellcasting
 + Level 2.2 Transmutations


You had 4 spell levels left.
You knew the following spells:

 Your Spells              Type           Power      Damage    Failure   Level
a - Beastly Appendage     Tmut           14%        N/A       10%         1

Your spell library contained the following spells:

 Spells                   Type           Power      Damage    Failure   Level
 Wereblood                Tmut           7%         N/A       16%         2
 Spider Form              Tmut/Pois      4%         N/A       43%         3
 Ice Form                 Ice/Tmut       4%         N/A       85%         4


Dungeon Overview and Level Annotations

Branches:
Dungeon (1/15)

Altars:


Innate Abilities, Weirdness & Mutations

Your plain brown scales are hard. (AC +4)
You cannot fit into any form of body armour.
You are cold-blooded and may be slowed by cold attacks.


Message History

You hit the giant cockroach.
The giant cockroach is heavily wounded.
The giant cockroach barely misses you.
The giant cockroach bites you but does no damage.
You barely miss the giant cockroach.
The giant cockroach is heavily wounded.
The endoplasm barely misses you. The giant cockroach misses you.
You hit the giant cockroach.
The giant cockroach is severely wounded.
The endoplasm closely misses you. The quokka bites you.
The giant cockroach bites you.
You barely miss the quokka. The quokka bites you.
The giant cockroach bites you but does no damage.
The endoplasm freezes you.
You are frozen.
You hit the giant cockroach but do no damage.
The giant cockroach is severely wounded.
The quokka closely misses you.
The giant cockroach bites you but does no damage.
The endoplasm freezes you.
You are frozen.
* * * LOW HITPOINT WARNING * * *
You feel yourself slow down.
You hit the giant cockroach.
You kill the giant cockroach!
The quokka bites you.
* * * LOW HITPOINT WARNING * * *
The endoplasm freezes you.
You are frozen.
* * * LOW HITPOINT WARNING * * *
You feel as though you will be slow longer.
The quokka closely misses you. The endoplasm freezes you.
You are frozen.
* * * LOW HITPOINT WARNING * * *
You feel as though you will be slow longer.
You hit the quokka.
Your tail-slap misses the quokka.
The quokka is heavily wounded.
The quokka completely misses you. The endoplasm hits you.
You die...

....# ###.# ....
.....# #...###....
# # #...#G#...#.# #
.###...###.#.#.##
.....
................
###.#
...?._........
..... .........Jr.#
..... ###..)# #@.#
##... #G#...# #..#
# #.# .###...###..#
# #.# ............#
# #.# ##...##...#.#
###.####...##.....#
....#......###.#..#
.........### #.#..#
..........# #.##.#


You could see a golden eye, an endoplasm and a quokka.

Vanquished Creatures
  A dart slug (D:1)
  3 endoplasms (D:1)
  2 giant cockroaches (D:1)
  2 goblins (D:1)
  A hobgoblin (D:1)
  2 frilled lizards (D:1)
  3 kobolds (D:1)
  2 rats (D:1)
16 creatures vanquished.

Notes
Turn   | Place    | Note
-------+----------+-------------------------------------------
     0 | D:1      | JPNDWG the Draconian Transmuter began the quest for the
                  | Orb.
     0 | D:1      | Reached XP level 1. HP: 16/16 MP: 3/3
   272 | D:1      | Reached XP level 2. HP: 15/23 MP: 5/5
   368 | D:1      | Found a faded altar of an unknown god.
   368 | D:1      | Noticed an eye of devastation
   385 | D:1      | Noticed a golden eye
   398 | D:1      | HP: 1/23 [frozen (2)]
   399 | D:1      | Slain by an endoplasm

Illustrated notes

Levels and vault maps discovered:
D:1:      minmay_arrival_solitary_statue, layout_rooms,
          hellmonk_ecumenical_altar_watching_god

Skill      XL: |  1  2 |
---------------+-------+-----
Dodging        | 2 |  2.0
Fighting       | |  1.4
Unarmed Combat | |  3.3
Spellcasting   | |  2.1
Transmutations | |  2.2

Action                     || total
---------------------------++-------
  Melee: Unarmed           ||    17
         Short sword       ||    36
         Tailslap          ||     8
 Armour: Skin              ||    17
  Dodge: Dodged            ||    33
